 Dungeon Crawl Stone Soup version 0.26.1-11-gd32895ea62 (webtiles) character file.

Game seed: 6651326038919444090

18944 buriedalive the Nimble (level 12, -4/75 HPs)
             Began as a Deep Elf Ice Elementalist on July 8, 2021.
             Was a High Priest of Okawaru.
             Slain by a tyrant leech (30 damage)
             ... on level 3 of the Lair of Beasts.
             The game lasted 00:33:42 (17664 turns).

buriedalive the Nimble (Deep Elf Ice Elementalist) Turns: 17664, Time: 00:33:43

Health: -4/75      AC: 23    Str:  3 (6)  XL:     12   Next: 32%
Magic:  17/20      EV: 21    Int: 26 (28) God:    Okawaru [*****.]
Gold:   873        SH:  0    Dex: 21 (22) Spells: 6/17 levels left

rFire    . . .     SeeInvis .   h - +3 short sword (venom)
rCold    + . .     Faith    .   (no shield)
rNeg     . . .     Spirit   .   x - +3 leather armour {rF+}
rPois    .         Reflect  .   I - +1 hat {Int+3}
rElec    .         Harm     .   s - +1 cloak
rCorr    .         Rampage  .   R - +2 pair of gloves {Dex+3}
Will     +....                  (no boots)
Stlth    ++........             K - amulet of magic regeneration
HPRegen  0.22/turn              r - +6 ring of dexterity
MPRegen  0.42/turn              t - ring of ice

@: brilliant, icy armour, about to teleport, frozen ramparts
A: claws 1, iridescent scales 1, clumsy 1
a: Renounce Religion, Heroism, Finesse


You were on level 3 of the Lair of Beasts.
You worshipped Okawaru.
Okawaru was extremely pleased with you.
You visited 3 branches of the dungeon, and saw 15 of its levels.

You collected 873 gold pieces.

Inventory:

Hand Weapons
 h - a +3 short sword of venom (weapon)
 q - a +3 dagger
 A - a +1 whip of freezing
Missiles
 d - 471 stones
 E - 11 atropa-tipped darts
 M - 19 poisoned darts (quivered)
 Z - 4 curare-tipped darts
Armour
 i - a +3 leather armour
 s - a +1 cloak (worn)
 x - a +3 leather armour of fire resistance (worn)
 B - a +2 robe of willpower
 I - a +1 hat of intelligence (worn)
 N - a +1 helmet
 R - a +2 pair of gloves of dexterity (worn)
Jewellery
 a - an uncursed ring of flight
 j - an uncursed amulet of guardian spirit
 r - a +6 ring of dexterity (left hand)
 t - a ring of ice (right hand)
 v - a +4 ring of evasion
 J - an uncursed ring of positive energy
 K - an amulet of magic regeneration (around neck)
 U - an uncursed ring of wizardry
 W - an uncursed ring of protection from cold
Wands
 w - a wand of iceblast (14)
 y - a wand of polymorph (12)
 P - a wand of enslavement (5)
 T - a wand of digging (5)
Scrolls
 e - 11 scrolls of remove curse
 g - 4 scrolls of teleportation
 n - 3 scrolls of amnesia
 D - a scroll of fog
 F - 4 scrolls of blinking
 S - a scroll of fear
 V - a scroll of vulnerability {unknown}
 Y - a scroll of holy word {unknown}
Potions
 b - a potion of resistance
 c - 5 potions of attraction
 f - 3 potions of haste
 k - 3 potions of flight
 l - a potion of berserk rage
 m - 2 potions of might
 o - a potion of degeneration
 p - 5 potions of brilliance
 u - a potion of cancellation {unknown}
 z - 2 potions of mutation
 H - a potion of magic {unknown}
 L - a potion of lignification {unknown}
 O - a potion of heal wounds {unknown}
 Q - a potion of curing


   Skills:
 + Level 8.7 Fighting
 - Level 3.0 Short Blades
 - Level 14.0 Dodging
 - Level 2.4 Stealth
 - Level 3.0 Spellcasting
 - Level 6.0 Summonings
 - Level 10.4 Ice Magic
 + Level 8.2 Invocations


You had 6 spell levels left.
You knew the following spells:

 Your Spells              Type           Power        Failure   Level
a - Freeze                Ice            100%         1%          1
b - Frozen Ramparts       Ice            100%         1%          3
c - Ozocubu's Armour      Ice            92%          1%          3
d - Summon Ice Beast      Ice/Summ       81%          6%          4

Your spell library contained the following spells:

 Spells                   Type           Power        Failure   Level
 Hailstorm                Conj/Ice       63%          22%         4


Dungeon Overview and Level Annotations

Branches:
Dungeon (11/15)            Temple (1/1) D:5            Lair (3/6) D:10
  Swamp (0/4) Lair:3
  Snake: Lair:2-4    Spider: Lair:2-4       Orc: D:9-12

Altars:
Ashenzari
Cheibriados
Dithmenos
Elyvilon
Fedhas
Gozag
Hepliaklqana
Kikubaaqudgha
Makhleb
Nemelex Xobeh
Okawaru
Ru
Sif Muna
Trog
Uskayaw
Vehumet
Wu Jian
Xom
Yredelemnul
Zin
The Shining One

Annotations:
D:9 Ekaitz's ghost, novice TeVM


Innate Abilities, Weirdness & Mutations

You have sharp fingernails.
You are partially covered in iridescent scales. (AC +2)
You are clumsy. (Dex -2)


Message History

It was a potion of brilliance.
You feel clever all of a sudden.
The wall freezes the swamp worm.
It was a potion of mutation.
You feel extremely strange.
Your fingernails lengthen.
You feel clumsy.
Iridescent scales grow over part of your body.
The wall freezes the tyrant leech!
The tyrant leech closely misses you.
The wall freezes the swamp worm.
Okay, then.
It was a potion of degeneration.
There was something very wrong with that liquid.
You feel weakened.
You feel dopey.
You feel clumsy.
The wall freezes the tyrant leech!
The tyrant leech closely misses you.
The wall freezes the swamp worm but does no damage.
It was a potion of curing.
You feel better.
The wall freezes the swamp worm!
The wall freezes the tyrant leech!
The tyrant leech completely misses you.
As you read the scroll of teleportation, it crumbles to dust.
You feel strangely unstable.
The wall freezes the swamp worm.
The wall freezes the tyrant leech.
The tyrant leech bites you!!
You die...

.......................##........
......................##....##...
'#P....................#....#....
.#....................##..###.###
........###....#..........#....[.
..#......#......+.....#####.#....
..#.....#......#......#......#}##
........#.....ww#....####....###.
........##♣♣.♣♣#@.......###....#.
..P..... ♣§≈♣♣♣.....#.######.##
##..... ♣§≈§§♣♣.................
#.#......♣♣§§§§♣P..........>.....
......... ≈§§§♣♣.................
.........♣♣♣§♣♣♣.................
..........♣♣♣♣♣..................
(......................<.........
.................................


You could see a tyrant leech and a swamp worm.

Vanquished Creatures
  Gastronok (D:9)
  A hydra (Lair:3)
  2 two-headed ogres (D:9)
  Sonja (Lair:3)
  Pikel (D:6)
  An ugly thing (D:8)
  4 cane toads
  4 rime drakes
  3 komodo dragons
  2 hornets
  A troll (D:10)
  5 blink frogs
  A wyvern (D:9)
  A spriggan (Lair:2)
  9 yaks
  2 basilisks
  Edmund (D:6)
  A warg (Lair:3)
  10 water moccasins
  A black bear (Lair:3)
  5 ice beasts
  2 orc warriors
  An eye of draining (D:5)
  A necrophage (D:7)
  An ogre (D:7)
  A sky beast (D:8)
  18 wolves
  2 centaurs
  A wyvern zombie (D:9)
  11 bullfrogs
  3 scorpions
  5 killer bees (D:9)
  7 wights
  2 howler monkeys
  A bullfrog zombie (D:8)
  5 hounds
  4 orc priests
  4 centaur zombies
  2 bullfrog skeletons
  4 jellies
  3 centaur skeletons
  Jessica (D:3)
  Ijyb (D:3)
  2 iguanas
  13 orc wizards
  4 worker ants
  A hound zombie (D:7)
  2 hound skeletons
  14 gnolls
  9 adders
  A shadow imp (D:5)
  4 white imps
  2 ufetubi
  An adder zombie (D:5)
  2 worms
  2 dart slugs
  2 leopard geckos
  37 orcs
  6 ball pythons
  4 giant cockroaches
  12 goblins
  12 hobgoblins
  13 jackals
  3 quokkas
  8 bats
  7 frilled lizards
  A jackal skeleton (D:7)
  A kobold (D:2)
  A leopard gecko skeleton (D:6)
  7 rats
308 creatures vanquished.

Vanquished Creatures (others)
  8 fungi
  11 plants
19 creatures vanquished.

Grand Total: 327 creatures vanquished

Notes
Turn   | Place    | Note
-------+----------+-------------------------------------------
     0 | D:1      | buriedalive the Deep Elf Ice Elementalist began the quest
                  | for the Orb.
     0 | D:1      | Reached XP level 1. HP: 10/10 MP: 6/6
   362 | D:1      | Reached XP level 2. HP: 14/15 MP: 6/8
   404 | D:1      | Reached skill level 3 in Dodging
  1155 | D:2      | Reached skill level 5 in Ice Magic
  1155 | D:2      | Reached XP level 3. HP: 19/19 MP: 9/9
  1660 | D:2      | Reached skill level 4 in Dodging
  1765 | D:2      | Found a faded altar of an unknown god.
  2033 | D:2      | Reached XP level 4. HP: 24/24 MP: 8/10
  2371 | D:2      | Learned a level 3 spell: Frozen Ramparts
  2375 | D:2      | Learned a level 3 spell: Ozocubu's Armour
  2702 | D:3      | Reached XP level 5. HP: 26/28 MP: 9/11
  3072 | D:3      | Noticed Jessica
  3075 | D:3      | Reached skill level 5 in Dodging
  3108 | D:3      | Killed Jessica
  3522 | D:3      | Noticed Ijyb
  3711 | D:3      | Killed Ijyb
  3712 | D:3      | Reached XP level 6. HP: 22/32 MP: 4/12
  4370 | D:4      | Reached skill level 6 in Dodging
  5061 | D:4      | Found a radiant altar of Vehumet.
  5119 | D:4      | Reached XP level 7. HP: 36/36 MP: 11/13
  5558 | D:5      | Entered Level 5 of the Dungeon
  5572 | D:5      | Reached skill level 7 in Dodging
  5637 | D:5      | Found a staircase to the Ecumenical Temple.
  5653 | Temple   | Entered the Ecumenical Temple
  5763 | Temple   | Became a worshipper of Warmaster Okawaru
  6237 | D:5      | Found a bloodstained altar of Trog.
  6465 | D:5      | Reached * piety under Okawaru
  6466 | D:5      | Reached skill level 8 in Dodging
  6578 | D:6      | Reached XP level 8. HP: 39/41 MP: 9/14
  6821 | D:6      | Noticed Pikel
  6836 | D:6      | Killed Pikel
  6836 | D:6      | Reached ** piety under Okawaru
  6837 | D:6      | Reached skill level 9 in Dodging
  7080 | D:6      | Noticed Edmund
  7080 | D:6      | You fall into a shaft and drop 1 floor!
  7170 | D:6      | Reached skill level 10 in Dodging
  7259 | D:6      | Killed Edmund
  7260 | D:6      | Reached skill level 10 in Ice Magic
  7379 | D:6      | Reached *** piety under Okawaru
  7380 | D:6      | Reached XP level 9. HP: 21/45 MP: 5/15
  7544 | D:6      | Learned a level 4 spell: Summon Ice Beast
  7768 | D:6      | Found a shadowy altar of Dithmenos.
  7948 | D:7      | Reached skill level 1 in Summonings
  7979 | D:7      | Found a shadowy altar of Dithmenos.
  7994 | D:7      | Reached skill level 1 in Fighting
  8144 | D:7      | Found a white marble altar of Elyvilon.
  8147 | D:7      | Found a shimmering blue altar of Sif Muna.
  8230 | D:7      | Found a hide-covered altar of Uskayaw.
  8586 | D:7      | Reached skill level 11 in Dodging
  8935 | D:7      | Found a snail-covered altar of Cheibriados.
  9038 | D:8      | Reached **** piety under Okawaru
  9039 | D:8      | Reached skill level 1 in Short Blades
  9179 | D:8      | Noticed a brown ugly thing
  9188 | D:8      | Killed a brown ugly thing
  9314 | D:8      | Reached XP level 10. HP: 12/56 MP: 1/16
 10108 | D:9      | Noticed a two-headed ogre
 10114 | D:9      | Killed a two-headed ogre
 10114 | D:9      | Reached ***** piety under Okawaru
 10287 | D:9      | Reached skill level 12 in Dodging
 10417 | D:9      | Noticed a two-headed ogre
 10426 | D:9      | Killed a two-headed ogre
 10427 | D:9      | Reached skill level 5 in Summonings
 11416 | D:9      | Noticed Gastronok
 11443 | D:9      | Killed Gastronok
 11443 | D:9      | Received a gift from Okawaru
 11444 | D:9      | Reached skill level 5 in Fighting
 11444 | D:9      | Reached skill level 13 in Dodging
 11527 | D:9      | Reached XP level 11. HP: 64/64 MP: 14/17
 11575 | D:9      | You fall into a shaft and drop 2 floors!
 11583 | D:10     | Entered Level 10 of the Dungeon
 12118 | D:9      | Found a runed translucent door.
 12121 | D:9      | Noticed Ekaitz's ghost (novice TeVM)
 12268 | D:10     | Found a staircase to the Lair.
 12765 | Lair:1   | Entered Level 1 of the Lair of Beasts
 12787 | Lair:1   | Reached skill level 1 in Invocations
 13262 | Lair:1   | Reached skill level 14 in Dodging
 14822 | Lair:2   | Reached skill level 5 in Invocations
 15435 | Lair:2   | Received a gift from Okawaru
 16155 | Lair:2   | Reached XP level 12. HP: 64/73 MP: 14/19
 16904 | Lair:3   | Noticed Sonja
 16912 | Lair:3   | Killed Sonja
 17395 | Lair:3   | Noticed a five-headed hydra
 17403 | Lair:3   | Killed a five-headed hydra
 17646 | Lair:3   | Found a staircase to the Swamp.
 17661 | Lair:3   | Gained mutation: You have sharp fingernails. [potion of
                  | mutation]
 17661 | Lair:3   | Gained mutation: You are clumsy. (Dex -2) [potion of
                  | mutation]
 17661 | Lair:3   | Gained mutation: You are partially covered in iridescent
                  | scales. (AC +2) [potion of mutation]
 17664 | Lair:3   | Slain by a tyrant leech

Illustrated notes

Levels and vault maps discovered:
D:1:      amcnicky_arrival_single_pillar, layout_basic, serial_aquarium,
          aquarium_bridge_long_separate [aquarium_subvault_bridge,
          aquarium_subvault_window, aquarium_subvault_wall,
          aquarium_subvault_wall, aquarium_subvault_wall,
          aquarium_subvault_bridge], aquarium_window_1, aquarium_window_fake,
          aquarium_view_4, aquarium_balcony_5b, feat_on_display
D:2:      layout_loops_cross, chequers_ecumenical_altar_lobes
D:3:      kennysheep_goblin_castle, layout_rooms, uniq_jessica
D:4:      layout_layer_cave, kennysheep_mini_moat, uniq_ijyb
D:5:      layout_basic, minmay_temple_entry_gardened_gates,
          trog_eyes_of_draining
D:6:      layout_loops_ring, basic_altar, uniq_edmund, uniq_pikel
D:7:      layout_basic, cheibriados_altar_1, nicolae_overflow_hidden_temple,
          nicolae_dithmenos_through_a_glass_darkly
D:8:      layout_cave_pools
D:9:      layout_loops_ring, ebering_ghost_reflecting_pool, uniq_gastronok
D:10:     lemuel_troll_bridge, layout_basic, lair_entry_dummy
D:11:     layout_gridville, minmay_orc_entry_temple_small, grunt_ministairs_10
Temple:   lightli_temple_of_artemis
Lair:1:   layout_chaotic_city, grunt_megastairs_1
Lair:2:   layout_long_grid, special_room, serial_bayou_pond_c,
          grunt_forest_large_clearing_hut
Lair:3:   beast_lair_carwin_large_3, layout_regular_city,
          minmay_swamp_entry_worms, serial_rivers,
          chequers_serial_rivers_large_a, chequers_serial_rivers_micro_b,
          chequers_serial_rivers_room_b, chequers_serial_rivers_small_b,
          chequers_serial_rivers_large_b, chequers_serial_rivers_room_a,
          hangedman_lair_unloving_vines, minmay_hedge_maze, uniq_sonja

Skill      XL: |  1  2  3  4  5  6  7  8  9 10 11 12 |
---------------+-------------------------------------+-----
Dodging        | 3 4 5 6 8 10 11 13 14 | 14.0
Ice Magic      | 5 6 7 8 10 | 10.4
Summonings     | 4 6 |  6.0
Fighting       | 3 5 7 8 |  8.7
Short Blades   | 2 3 |  3.0
Invocations    | 6 8 |  8.2
Stealth        | |  2.4
Spellcasting   | |  3.0

Action                   |  1- 3 |  4- 6 |  7- 9 | 10-12 || total
-------------------------+-------+-------+-------+-------++-------
Melee: Unarmed           |    16 |       |       |       ||    16
       Short sword       |    63 |   107 |   326 |   387 ||   883
Throw: Dart              |       |       |       |     2 ||     2
 Cast: Freeze            |    22 |    25 |    10 |    12 ||    69
       Frozen Ramparts   |       |     9 |    17 |    53 ||    79
       Ozocubu's Armour  |       |       |     4 |    27 ||    31
Invok: Heroism           |       |       |     1 |       ||     1
Evoke: Wand              |       |       |       |     6 ||     6
  Use: Scroll            |       |     9 |     2 |    13 ||    24
       Potion            |       |       |       |     4 ||     4
 Stab: Sleeping          |    10 |     2 |     6 |     2 ||    20
Armor: Robe              |    10 |       |       |       ||    10
       Leather armour    |     8 |    38 |    83 |    96 ||   225
Dodge: Dodged            |    61 |   157 |   293 |   436 ||   947
